[Event "*** Titled Tuesday Blitz"]
[Site "Chess.com"]
[Date "2020.05.12"]
[Round "10"]
[White "deep306"]
[Black "AttilaTurzo"]
[Result "1-0"]
[WhiteElo "2617"]
[BlackElo "2493"]
[TimeControl "180+1"]
[EndTime "11:54:15 PDT"]
[Termination "deep306 won by resignation"]

1. d4 Nf6 2. c4 e6 3. Nc3 Bb4 4. e3 b6 5. Nf3 Bb7 6. Bd2 O-O 7. Bd3 d5 8. cxd5 exd5 9. O-O Nbd7 10. Ne5 a6 11. f4 Bd6 12. Qf3 c5 13. Qh3 Bc8 14.
Qh4 Re8 15. Rf3 Nf8 16. h3 Ng6 17. Qf2 b5 18. a3 Bb7 19. g4 Ne4 20. Bxe4 dxe4 21.
Rg3 cxd4 22. exd4 e3 23. Bxe3 b4 24. axb4 Bxb4 25. Rd1 Bxc3 26. bxc3 Qd5 27. Kh2 Nxe5 28. fxe5 Rxe5 29. Rf1 Re7 30. Qg1 Rae8 31. Rf5 Qc6 32. Rc5 Qe4 33. c4 Qc2+ 34. Qf2 Qd1 35. d5 Qd3 36. Bg5 Re2 37. Rxd3 Rxf2+ 38. Kg3 Ree2 39. Be3 Rg2+ 40. Kf3 h5 41. Rc7 hxg4+ 42. hxg4 Rb2 43. Rxb7 Rxb7 44. Kxg2 Re7 45. d6 Re8 46. d7 Rd8 47. Bb6 1-0

[Event "*** Titled Tuesday Blitz"]
[Site "Chess.com"]
[Date "2020.05.12"]
[Round "10"]
[White "heartofatiger"]
[Black "JonahWillow"]
[Result "0-1"]
[WhiteElo "2456"]
[BlackElo "2671"]
[TimeControl "180+1"]
[EndTime "11:54:15 PDT"]
[Termination "JonahWillow won on time"]

1. d4 Nf6 2. c4 e6 3. Nf3 c5 4.
e3 cxd4 5. exd4 d5 6. cxd5 exd5 7. Bd3 Bd6 8. O-O O-O 9. h3 Nc6 10. Nc3 Re8 11. Bg5 Be6 12. a3 h6 13. Bh4 Rc8 14. Re1 Be7 15. Bc2 Na5 16. Qd3 g6 17. Rxe6 g5 18. Bg3 Nc4 19. Re2 Nxb2 20. Qd2 Nc4 21. Qe1 Nxa3 22. Ba4 Bb4 23. Rxe8+ Nxe8 24. Rc1 Nd6 25. Qe3 Nf5 26. Qd3 Nxg3 27. fxg3 a6 28. Ne2 b5 29. Rxc8 Qxc8 30. Bb3 Qe6 31. Ne5 Nc4 32.
h4 Bd6 33. hxg5 hxg5 34. Nf3 f6 35. Kf2 Kg7 36. g4 Qxg4 37. Qc2 Qe6 38. Qd3 a5 39.
Bc2 Kf8 40. Qh7 Qf7 41. Qh6+ Ke7 42. Bf5 a4 43. Nc1 a3 44. Nb3 a2 45. Qh8 Qf8 46. Qh7+ Qf7 47. Qh8 g4 48. Bxg4 f5 49. Bh5 Qf8 50.
Qh7+ Kd8 51. Ng5 Qe7 52. Qg8+ Kc7 53. Ne6+ Kb6 54. Qc8 Bc7 55. Be8 Qh4+ 0-1

[Event "*** Titled Tuesday Blitz"]
[Site "Chess.com"]
[Date "2020.05.12"]
[Round "10"]
[White "praveenb2002"]
[Black "RobertPrieb2007"]
[Result "1-0"]
[WhiteElo "2726"]
[BlackElo "2378"]
[TimeControl "180+1"]
[EndTime "11:54:16 PDT"]
[Termination "praveenb2002 won by resignation"]

1. d4 Nf6 2. c4 g6 3. Nc3 d5 4. cxd5 Nxd5 5. e4 Nxc3 6. bxc3 Bg7 7. Bc4 c5 8. Ne2 O-O 9. O-O cxd4 10. cxd4 Nc6 11.
Be3 Na5 12. Bd3 b6 13. Rc1 Bb7 14. d5 e6 15. dxe6 fxe6 16. Nf4 Qd6 17. Bb5 Qe5 18. Qd7 Rxf4 19. Bxf4 Qxf4 20. Rc7 Qf6 21. Rxb7 Rd8 22. Qc7 Nxb7 23. Qxb7 Qf7 24. Qc6 Qe7 25. Bc4 Kf7 26.
Bb3 Rd6 27. Qc4 Rd4 28. Qc6 Rd6 29. Qc2 b5 30. f4 a5 31. f5 Bd4+ 32. Kh1 Kg8 33.
Bxe6+ Kh8 34. Qc8+ Rd8 35. Qc6 b4 36. Bd5 Rf8 37. Qc4 Qc5 38. Qxc5 Bxc5 39. g4 Bd4 40. Kg2 Be5 41. Rc1 Bc3 42. Kf3 Kg7 43. Ke3 Kf6 44.
h4 Ke5 45. Kd3 gxf5 46. gxf5 Rxf5 47. exf5 Kxd5 48. Rf1 Bf6 49. h5 h6 50. Rg1 Bg5 51.
Rxg5 hxg5 52. h6 g4 53. h7 g3 54. h8=Q g2 55. Qg7 g1=Q 56. Qxg1 1-0

[Event "*** Titled Tuesday Blitz"]
[Site "Chess.com"]
[Date "2020.05.12"]
[Round "10"]
[White "venus02"]
[Black "kismet6"]
[Result "1-0"]
[WhiteElo "2286"]
[BlackElo "1951"]
[TimeControl "180+1"]
[EndTime "11:54:16 PDT"]
[Termination "venus02 won on time"]

1. e4 d5 2. exd5 Nf6 3. Nf3 Nxd5 4. d4 Bf5 5. Be2 e6 6. O-O Be7 7. c4 Nb6 8. Nc3 O-O 9. b3 Nc6 10. Bb2 Bg4 11. d5 exd5 12. Nxd5 Nxd5 13. cxd5 Nb4 14. Bxg7 Bxf3 15. Bxf8 Bxe2 16. Qxe2 Qxf8 17. Qc4 Bd6 18. a3 Qh6 19. g3 Na6 20. b4 Re8 21. Rfe1 Rxe1+ 22. Rxe1 Qg5 23. Re8+ Kg7 24. Qd4+ f6 25. Re1 b6 26. Qd3 Nb8 27. f4 Qg6 28. Qb5 Qf5 29.
Qc4 a5 30. Kg2 axb4 31. axb4 Nd7 32. Re6 Nf8 33. Re2 Ng6 34. Qe4 Qxe4+ 35. Rxe4 Ne7 36. Rd4 Nf5 37. Re4 Ne7 38. Rd4 Nf5 39. Rd3 Kf7 40. b5 Bc5 41. Kf3 Nd4+ 42. Ke4 Nxb5 43. g4 Nd6+ 44. Kf3 b5 45. h4 b4 46. f5 Bb6 47.
Kf4 Bc5 48. g5 1-0

[Event "*** Titled Tuesday Blitz"]
[Site "Chess.com"]
[Date "2020.05.12"]
[Round "10"]
[White "Playgood28"]
[Black "Future2700"]
[Result "0-1"]
[WhiteElo "2265"]
[BlackElo "2435"]
[TimeControl "180+1"]
[EndTime "11:54:17 PDT"]
[Termination "Future2700 won by resignation"]

1. d4 Nf6 2. c4 e6 3. Nc3 Bb4 4. Qc2 d5 5. e3 O-O 6. a3 Bxc3+ 7. Qxc3 b6 8. Nf3 Bb7 9. b4 dxc4 10. Bxc4 a5 11.
Bb2 axb4 12. axb4 Rxa1+ 13. Bxa1 Bxf3 14. gxf3 Nbd7 15. Rg1 g6 16. d5 exd5 17. Bxd5 Qe7 18. f4 c5 19. bxc5 Qxc5 20. Qxc5 bxc5 21. Bc4 Nb6 22.
Bxf6 Nxc4 23. Ke2 Rc8 24. f5 Kf8 25. fxg6 hxg6 26. Rg4 Nd6 27. h4 Ke8 28. Be5 Ke7 29. Ra4 Nf5 30. Bf4 Rc6 31. Kd3 Ke6 32. Kc4 Nxh4 33. Ra5 Nf3 34. Rxc5 Nd2+ 35. Kb4 Rxc5 36. Kxc5 Ne4+ 37. Kd4 Nxf2 38. Bg3 Ng4 39. Bb8 Kf5 40. e4+ Ke6 41. Bc7 Nf6 42. Ke3 Nh5 43. Kf3 Kf6 44. Bd8+ Ke5 45. Bc7+ Ke6 46. Bb8 Kf6 47. Bc7 Kg5 48.
Bd8+ Kh6 49. Kg4 Ng7 50. Bf6 Ne6 51. Kf3 Kh5 52. Kg3 g5 53. Kf3 g4+ 54. Kg3 Nc5 55. e5 Ne4+ 56. Kf4 Nxf6 57. exf6 Kh4 58. Ke5 g3 59. Kd6 g2 60. Ke7 g1=Q 61. Kxf7 Kg5 0-1

[Event "*** Titled Tuesday Blitz"]
[Site "Chess.com"]
[Date "2020.05.12"]
[Round "10"]
[White "snowlord"]
[Black "IMAghasiyevKamal"]
[Result "1-0"]
[WhiteElo "2741"]
[BlackElo "2538"]
[TimeControl "180+1"]
[EndTime "11:54:18 PDT"]
[Termination "snowlord won by resignation"]

1. e4 e5 2. Nf3 Nc6 3. Bb5 a6 4. Ba4 Nf6 5. d3 b5 6. Bb3 Be7 7. O-O d6 8. a3 O-O 9. Nc3 Be6 10. Bg5 Bxb3 11. cxb3 Nd7 12. Be3 Re8 13. Rc1 Na5 14. b4 Nb7 15. Nd5 c5 16. bxc5 dxc5 17. b4 Bf8 18. Bg5 f6 19. Qb3 Kh8 20. Be3 Rc8 21. a4 Nb6 22. axb5 axb5 23. Nxb6 Qxb6 24. Rb1 Red8 25.
Rfd1 Qa7 26. h4 Qa4 27. bxc5 Nxc5 28. Qxb5 Qxb5 29. Rxb5 Rxd3 30. Rc1 Rxe3 31. fxe3 g6 32. Kf1 Rc7 33. Ne1 Bd6 34. Rb8+ Kg7 35. Nd3 Nxd3 36.
Rxc7+ Bxc7 37. Rb7 Kh6 38. Rxc7 f5 39. exf5 gxf5 40.
Ke2 e4 41. Re7 Kh5 42. Rxh7+ Kg4 43. h5 f4 44. exf4 Nxf4+ 45. Kf2 Nxh5 46. Rh8 Kf4 47.
Rxh5 1-0

[Event "*** Titled Tuesday Blitz"]
[Site "Chess.com"]
[Date "2020.05.12"]
[Round "10"]
[White "Bathory44"]
[Black "Karacsonyi_Gellert"]
[Result "1/2-1/2"]
[WhiteElo "2605"]
[BlackElo "2505"]
[TimeControl "180+1"]
[EndTime "11:54:18 PDT"]
[Termination "Game drawn by agreement"]

1. e4 c5 2. c3 Nf6 3. e5 Nd5 4.
d4 cxd4 5. Nf3 e6 6. cxd4 d6 7. Bc4 Nb6 8. Bd3 dxe5 9. dxe5 Nc6 10. O-O Be7 11. Qe2 O-O 12. Nc3 Nd5 13. Rd1 Re8 14. a3 g6 15. Ne4 Qc7 16. Ng3 Bf8 17. h4 Bg7 18. Re1 b6 19. h5 Bb7 20. hxg6 hxg6 21. Bg5 Rac8 22. Rac1 Qb8 23. Bb5 Rf8 24. Bxc6 Rxc6 25.
Rxc6 Bxc6 26. Qd2 Qb7 27. Bh6 f6 28. Bxg7 Qxg7 29. Nd4 Bd7 30. exf6 Qxf6 31. Ne4 Qf4 32. Qxf4 Nxf4 33. Ng5 Nd3 34. Re2 e5 35. Nde6 Bxe6 36.
Nxe6 Rc8 37. g3 Kf7 38. Ng5+ Kf6 39. Ne4+ Ke6 40. Kg2 Rc1 41. Rd2 Ne1+ 42. Kh3 Rc6 43. Nc3 a6 44. f4 Nf3 45. Rf2 Nd4 46. fxe5 Kxe5 47. Kg4 b5 48. Rf8 Ne6 49. Rg8 g5 50. Ra8 Rc4+ 51. Kh5 b4 52. axb4 Rxb4 53. Rxa6 Rxb2 54.
Ra5+ Kf6 55. Ne4+ Kf7 56. Ra7+ Kf8 57. Ra8+ Kf7 58. Nxg5+ Nxg5 59. Kxg5 Kg7 60. Ra7+ Kg8 1/2-1/2

[Event "*** Titled Tuesday Blitz"]
[Site "Chess.com"]
[Date "2020.05.12"]
[Round "10"]
[White "UmutErdemGunduz"]
[Black "MikaelyanArman"]
[Result "0-1"]
[WhiteElo "2394"]
[BlackElo "2655"]
[TimeControl "180+1"]
[EndTime "11:54:18 PDT"]
[Termination "MikaelyanArman won by resignation"]

1. e4 e5 2. Nf3 Nc6 3. Bb5 a6 4.
Ba4 Nf6 5. O-O Be7 6. Re1 b5 7. Bb3 d6 8. c3 O-O 9. h3 Bb7 10. d4 Nd7 11. Nbd2 exd4 12. cxd4 Bf6 13. Nf1 Na5 14.
Bc2 Re8 15. Ng3 g6 16. Bf4 c5 17. e5 dxe5 18. dxe5 Bxf3 19. Qxf3 Nxe5 20. Bxe5 Bxe5 21. Rad1 Qc7 22. Nf5 Nc4 23. b3 Nb6 24. Ne3 Bd4 25.
Ng4 h5 26. Nf6+ Bxf6 27. Qxf6 Nd7 28. Rxe8+ Rxe8 29. Qxa6 b4 30. Bxg6 fxg6 31. Qxg6+ Kf8 32. Qh6+ Ke7 33. Qg5+ Kf8 34. Qf5+ Kg8 35. Qg6+ Kf8 36. Qxh5 Nf6 37. Qh6+ Kf7 38. g3 Re7 39. Qd2 Qc6 40. Qc2 Qe6 41. Qc4 Qxc4 42. bxc4 Ne4 43. Rd5 Nc3 44.
Rxc5 Nxa2 45. Kg2 Nc3 46. Rb5 Nxb5 47. cxb5 b3 0-1

[Event "*** Titled Tuesday Blitz"]
[Site "Chess.com"]
[Date "2020.05.12"]
[Round "10"]
[White "aquiles88"]
[Black "mariangie523"]
[Result "0-1"]
[WhiteElo "2222"]
[BlackElo "2082"]
[TimeControl "180+1"]
[EndTime "11:54:19 PDT"]
[Termination "mariangie523 won by resignation"]

1. e4 c5 2. Nf3 d6 3. d4 cxd4 4. Nxd4 Nf6 5. Nc3 g6 6. f4 Bg7 7. e5 dxe5 8. fxe5 Nd5 9. Bb5+ Kf8 10. O-O Nc6 11. Nxc6 bxc6 12. Bxc6 Qb6+ 13. Kh1 Qxc6 14. Qxd5 Qxd5 15. Nxd5 Bb7 16. c4 Bxd5 17. cxd5 Bxe5 18.
Bh6+ Bg7 19. Bxg7+ Kxg7 20. Rae1 Rhe8 21. Re5 Rad8 22.
Rfe1 Kf8 23. R1e3 f6 24. Re6 Rxd5 25. h3 Kf7 26. Ra6 Rd7 27. Rea3 Rb8 28. b3 Rbb7 29. R3a4 e5 30. Kg1 Re7 31. Kf2 Rbd7 32. Ke3 f5 33. g3 e4 34. g4 f4+ 35. Kxf4 e3 36. Re4 Rxe4+ 37. Kxe4 e2 38. g5 e1=Q+ 39. Kf4 Rd4+ 40. Kf3 Qc3+ 41. Ke2 Rd2+ 0-1

[Event "*** Titled Tuesday Blitz"]
[Site "Chess.com"]
[Date "2020.05.12"]
[Round "10"]
[White "TregubovP"]
[Black "sopo-tereladze"]
[Result "1-0"]
[WhiteElo "2558"]
[BlackElo "2410"]
[TimeControl "180+1"]
[EndTime "11:54:21 PDT"]
[Termination "TregubovP won by resignation"]

1. e4 e5 2. Nf3 Nc6 3. Bb5 a6 4. Ba4 Nf6 5. d4 exd4 6. O-O Be7 7. e5 Ne4 8. Nxd4 O-O 9. Nf5 d5 10. Nxe7+ Nxe7 11. c3 Nc5 12. Bc2 Re8 13. Be3 Ne6 14. f4 d4 15. Bxd4 Nxd4 16. Qxd4 Qxd4+ 17. cxd4 Be6 18. Nc3 Bc4 19. Rfd1 Red8 20. Be4 c6 21. f5 Bd5 22. f6 Ng6 23. fxg7 Kxg7 24. Nxd5 cxd5 25.
Bf5 f6 26. exf6+ Kxf6 27. Rf1 Kg7 28. Rac1 Rf8 29. Rc7+ Kh6 30. Rxb7 Rab8 31. Rxb8 Rxb8 32. b3 Rb4 33. Rd1 a5 34. Kf2 Ne7 35. Bc2 Nc6 36. Ke3 Rb8 37. Rf1 Re8+ 38. Kd3 Nb4+ 39. Kd2 Nxc2 40.
Kxc2 Re2+ 41. Kc3 Rxa2 42. Rf6+ Kg7 43. Rd6 Rxg2 44. Rxd5 Rxh2 45. Rxa5 h5 46. b4 h4 47. b5 h3 48. b6 Rh1 49. Rh5 h2 50. Kb2 Rd1 51. Rxh2 Rxd4 52. Kc3 Rd8 53. Kc4 Kf6 54. Re2 1-0

[Event "*** Titled Tuesday Blitz"]
[Site "Chess.com"]
[Date "2020.05.12"]
[Round "10"]
[White "marianokar"]
[Black "IljaJoke"]
[Result "1-0"]
[WhiteElo "2423"]
[BlackElo "2540"]
[TimeControl "180+1"]
[EndTime "11:54:21 PDT"]
[Termination "marianokar won on time"]

1. e4 e5 2. Nf3 Nc6 3. Bb5 a6 4.
Ba4 Nf6 5. O-O Be7 6. Re1 b5 7.
Bb3 O-O 8. d3 Bc5 9. Bg5 h6 10.
Bh4 d6 11. c3 g5 12. Bg3 Bb6 13. Nbd2 Kg7 14. Nf1 Ne7 15. d4 exd4 16. cxd4 Ng6 17. e5 dxe5 18. dxe5 Nh5 19. Qc2 Be6 20. Rad1 Qe7 21.
Ne3 Bxe3 22. Rxe3 c5 23. Bxe6 fxe6 24. Red3 Rad8 25. Rd6 Nxg3 26. hxg3 c4 27. b3 cxb3 28. Qxb3 Rxd6 29. exd6 Qd7 30. Qc3+ Kh7 31. Qc7 Rf7 32. Rc1 Qe8 33. Qc2 Kg7 34. Qc3+ Kh7 35. Qc8 Qxc8 36.
Rxc8 Nf8 37. Ne5 Rf5 38. d7 Nxd7 39. Nxd7 Kg6 40. Rc6 Rd5 41. Nc5 Kf5 42. Nxa6 Rd2 43. Nb4 Rb2 44. Rc5+ 1-0

[Event "*** Titled Tuesday Blitz"]
[Site "Chess.com"]
[Date "2020.05.12"]
[Round "10"]
[White "davigator"]
[Black "Sergey85Rodchenkov"]
[Result "0-1"]
[WhiteElo "2379"]
[BlackElo "2510"]
[TimeControl "180+1"]
[EndTime "11:54:21 PDT"]
[Termination "Sergey85Rodchenkov won by resignation"]

1. e4 c5 2. Nf3 e6 3. d4 cxd4 4. Nxd4 a6 5. Bd3 Qc7 6. O-O Nf6 7. Qe2 d6 8. Nc3 Be7 9. Bd2 Nbd7 10. Rae1 b6 11.
Kh1 Bb7 12. f4 Nc5 13. e5 dxe5 14. fxe5 Nfd7 15. Qh5 g6 16. Qe2 Nxd3 17. cxd3 O-O 18. Bh6 Bh4 19. Bxf8 Rxf8 20. Rc1 Qxe5 21. Nf3 Qxe2 22.
Nxe2 Bd8 23. Ned4 Bd5 24. b3 Bf6 25. Rc7 Nc5 26. Rd1 h5 27. h3 g5 28. b4 Na4 29.
Ra7 g4 30. Rxa6 gxf3 31. Nxf3 b5 32. d4 Rc8 33. Rf1 Rc2 34. Ra7 Nc3 35. Ne1 Rc1 36. Rxf6 Rxe1+ 37. Kh2 Re2 38. Kg1 Rxg2+ 39. Kf1 Rg7 40.
a3 Ne4 41. Rf4 Ng5 42. h4 Nf3 43. Kf2 Nh2 44. Ke3 Ng4+ 45. Kd2 Bc4 46. Rf2 Nxf2 47. Ke3 Ng4+ 48. Kf4 Kh7 49. Rc7 Kg6 50. a4 f6 51.
a5 Rxc7 0-1

[Event "*** Titled Tuesday Blitz"]
[Site "Chess.com"]
[Date "2020.05.12"]
[Round "10"]
[White "yobdc"]
[Black "Mili_Brizzi"]
[Result "0-1"]
[WhiteElo "1916"]
[BlackElo "2469"]
[TimeControl "180+1"]
[EndTime "11:54:21 PDT"]
[Termination "Mili_Brizzi won by checkmate"]

1. e4 e5 2. Nf3 Nc6 3. c3 d5 4. d3 Nf6 5. Nbd2 Be7 6. Be2 O-O 7.
O-O Re8 8. Re1 a5 9. a4 Bf8 10. Qc2 h6 11. Nf1 g6 12. Ne3 Be6 13. Rd1 Rc8 14. h3 b6 15. Bd2 d4 16. Nc4 Bxc4 17.
dxc4 Qe7 18. Nh2 Rcd8 19. Ng4 Nxg4 20. hxg4 Qe6 21. g3 Re7 22. Kg2 Red7 23. Be1 Rd6 24. c5 bxc5 25. b3 Be7 26. f3 Bg5 27. Bc4 Qf6 28.
Bf2 dxc3 29. Rxd6 Rxd6 30. Qxc3 Bd2 31. Qb2 Nd4 32. Bxd4 Rxd4 33. Rf1 Qd6 34. Rf2 Kg7 35. Re2 Bg5 36. Qc2 Bd2 37. Bd5 Bg5 38. Bc4 c6 39.
Qb2 Bf6 40. Qc2 Rd1 41. Rf2 Qd4 42. Bf1 Bg5 43. f4 exf4 44. gxf4 Bh4 45. Rf3 Rd2+ 46.
Qxd2 Qxd2+ 47. Kh3 Bf2 48. Bc4 Be3 49. f5 g5 50. f6+ Kf8 51. e5 Bf4 52. e6 Qh2# 0-1

[Event "*** Titled Tuesday Blitz"]
[Site "Chess.com"]
[Date "2020.05.12"]
[Round "10"]
[White "MYMChessAcademy"]
[Black "ZeZacarias"]
[Result "0-1"]
[WhiteElo "2158"]
[BlackElo "2079"]
[TimeControl "180+1"]
[EndTime "11:54:21 PDT"]
[Termination "ZeZacarias won on time"]

1. e4 e6 2. d4 d5 3. Nc3 c5 4. e5 cxd4 5. Nce2 Nc6 6. f4 f6 7. Nf3 fxe5 8. fxe5 g6 9. Nexd4 Bg7 10. Bf4 Nge7 11.
Bd3 O-O 12. Qd2 Nxd4 13. Nxd4 Nc6 14. Nf3 Qc7 15. O-O-O Nxe5 16. Nxe5 Bxe5 17. Bh6 Bg7 18. Rdf1 Bxh6 19. Qxh6 Qg7 20. Qg5 Bd7 21. h4 Rxf1+ 22. Rxf1 Rf8 23. Rh1 Qf6 24. Re1 Qf4+ 25. Kd1 Qxg5 26.
hxg5 Rf2 27. Re2 Rxe2 28. Kxe2 e5 29. Ke3 Kf7 30. c4 Ke6 31. cxd5+ Kd6 32. Be4 Bf5 33. b4 b6 34. Kd3 a5 35. a3 Bg4 36. Ke3 Bd1 37. Kd2 Bb3 38. g3 Bxd5 39. Bd3 e4 40. Bc2 Ke5 41. Ke3 Kf5 42. Bd1 Kxg5 43. Kd4 Bc6 44. Ke5 h5 45. Kd6 Ba8 46. Kc7 h4 47. gxh4+ Kxh4 48. Kxb6 g5 0-1

[Event "*** Titled Tuesday Blitz"]
[Site "Chess.com"]
[Date "2020.05.12"]
[Round "10"]
[White "today_good_day"]
[Black "mfwagnerpeixoto"]
[Result "0-1"]
[WhiteElo "2101"]
[BlackElo "2241"]
[TimeControl "180+1"]
[EndTime "11:54:22 PDT"]
[Termination "mfwagnerpeixoto won on time"]

1. e4 c5 2. Nf3 Nc6 3. d4 cxd4 4. Nxd4 Nf6 5. Nc3 d6 6. Bc4 e6 7. Bb3 a6 8. O-O Bd7 9. a4 Rc8 10. f4 Na5 11. Kh1 Nxb3 12. cxb3 Qc7 13. e5 dxe5 14.
fxe5 Qxe5 15. Bf4 Qh5 16. Nf3 Bc6 17. Qe2 Bb4 18. Rad1 O-O 19. Ne5 Qxe2 20. Nxe2 Bd5 21.
Nd4 Bc5 22. Bg5 Ne4 23. Bh4 g5 24. Be1 f6 25. Nd7 Rf7 26. Nxc5 Nxc5 27. b4 Nxa4 28. b3 Nb6 29. Bg3 Re8 30. Rfe1 Rfe7 31. Bd6 Rd7 32. Bc5 Nc8 33. h3 b6 34. Bxb6 Nxb6 35. Rc1 Kf7 36. Nc6 Bxc6 37. Rxc6 Nd5 38. Rxa6 Nxb4 39. Rb6 Nd5 40. Ra6 Ree7 41. Rb1 Rb7 42. Ra3 Rec7 43. Kh2 Rc3 44. Kg1 h5 45. Kf2 Rc2+ 46.
Kf3 Rb4 47. Ra7+ Kg6 0-1

[Event "*** Titled Tuesday Blitz"]
[Site "Chess.com"]
[Date "2020.05.12"]
[Round "10"]
[White "grunbergmihai"]
[Black "WhiteKnight2612"]
[Result "0-1"]
[WhiteElo "2401"]
[BlackElo "2662"]
[TimeControl "180+1"]
[EndTime "11:54:23 PDT"]
[Termination "WhiteKnight2612 won by resignation"]

1. Nf3 e6 2. c4 d5 3. g3 Nf6 4.
Bg2 dxc4 5. O-O Be7 6. Qa4+ c6 7.
Qxc4 O-O 8. a4 Nbd7 9. d4 Rb8 10. Bf4 Ra8 11. Nc3 Nd5 12. e4 Nxf4 13. gxf4 Nf6 14. Ne5 Nh5 15. Ne2 Bd6 16. Qc3 Qh4 17. Qh3 Qxh3 18.
Bxh3 f5 19. f3 g6 20. a5 Rb8 21. Rac1 a6 22. Bg2 Bb4 23. Nc4 Bd7 24. Rcd1 c5 25. d5 Bb5 26. b3 exd5 27. Rxd5 Rbe8 28. e5 Bc6 29. Rd6 Ng7 30. Nc1 Bc3 31. Ne2 Bb4 32. Nc1 Ne6 33. Nd3 Bc3 34. Kf2 Bd4+ 35. Kg3 Nc7 36.
h4 Nb5 37. Rf6 Rxf6 38. exf6 Bxf6 39. Nxc5 Nd4 40. Rd1 Ne2+ 41. Kh2 Nxf4 42. Nd7 Bxh4 43. Nde5 Bf6 44. Nxc6 bxc6 45. Rd6 Bg5 46. Bf1 Re1 47. Kg1 Nh3+ 48. Kg2 Nf4+ 49. Kg1 Ra1 50. Rxc6 Ne2+ 51. Kf2 Nd4 52. Rxa6 Ra2+ 53. Kg3 Kg7 54. Rd6 Nxb3 55. a6 Nc5 56. Ne5 Ra4 57. Bb5 Bf4+ 58. Kg2 Ra2+ 59.
Kg1 Bxe5 60. Rd5 Bf4 61. Kf1 Nxa6 0-1

[Event "*** Titled Tuesday Blitz"]
[Site "Chess.com"]
[Date "2020.05.12"]
[Round "10"]
[White "Volodar_Murzin"]
[Black "Batica1984"]
[Result "0-1"]
[WhiteElo "2755"]
[BlackElo "2840"]
[TimeControl "180+1"]
[EndTime "11:54:24 PDT"]
[Termination "Batica1984 won by resignation"]

1. d4 Nf6 2. Nf3 e6 3. Bf4 b6 4. e3 Bb7 5. h3 d6 6. Nbd2 Nbd7 7. Bd3 g6 8. O-O Bg7 9. Qe2 a6 10. e4 h6 11. Bh2 O-O 12. c3 Qe7 13. e5 dxe5 14. dxe5 Nd5 15. Ne4 Nc5 16. Nxc5 Qxc5 17. Rad1 b5 18. h4 Ne7 19. h5 g5 20. Nd2 Rfd8 21.
Be4 Nd5 22. Qf3 Rd7 23. Nb3 Qb6 24. Rd2 Rad8 25. Rfd1 c5 26. Kh1 Qc7 27. Qe2 c4 28.
Nd4 Nf4 29. Bxf4 gxf4 30. Bxb7 Qxb7 31. Nf3 Rxd2 32. Rxd2 Rxd2 33. Qxd2 Qe4 34. Qd8+ Kh7 35. Qd7 Qf5 36. Kg1 Qxh5 37. Qb7 Qf5 38. Nd4 Qb1+ 39.
Kh2 Qg6 40. Nf3 Qc2 41. Qxf7 Qxb2 42. Qxe6 Qxc3 43. Qf5+ Kg8 44. e6 Qf6 45. Qd5 Kh8 46.
Qd7 Bf8 47. Qe8 c3 48. Ne5 c2 49. Ng6+ Kg7 50. e7 Bxe7 51. Kh3 c1=Q 0-1

[Event "*** Titled Tuesday Blitz"]
[Site "Chess.com"]
[Date "2020.05.12"]
[Round "10"]
[White "ural58"]
[Black "CroissantNeuf"]
[Result "1/2-1/2"]
[WhiteElo "2482"]
[BlackElo "2365"]
[TimeControl "180+1"]
[EndTime "11:54:25 PDT"]
[Termination "Game drawn - insufficient material"]

1. e4 c6 2. b3 Nf6 3. e5 Nd5 4. Bb2 g6 5. e6 f6 6. exd7+ Nxd7 7. d4 e5 8. Nf3 e4 9. Nfd2 f5 10. c4 N5f6 11. Nc3 Bh6 12. Be2 O-O 13. O-O Qe7 14.
Re1 e3 15. Nf1 exf2+ 16. Kxf2 Ng4+ 17. Bxg4 fxg4+ 18. Kg1 Qh4 19. Ng3 Nf6 20. d5 Bd7 21. Qd4 Bg7 22. Nce4 Nh5 23. Qd2 Bxb2 24. Qxb2 cxd5 25.
Nxh5 gxh5 26. Nc5 Bf5 27. cxd5 Rae8 28. Ne6 Bxe6 29. dxe6 g3 30. hxg3 Qxg3 31. Re2 Rf5 32. Rf1 Rxf1+ 33. Kxf1 Qf4+ 34. Kg1 Qg4 35. e7 Qg5 36.
Qe5 Qxe5 37. Rxe5 Kf7 38. Rxh5 Kg6 39. Re5 Kf6 40. Re2 Rxe7 41. Rxe7 Kxe7 42. Kf2 Kd6 43. Ke3 Kc5 44. a3 a5 45. g4 b5 46. Ke4 a4 47.
bxa4 bxa4 48. Kf5 Kc4 49. Kg5 Kb3 50. Kh6 Kxa3 51. Kxh7 Kb3 52. g5 a3 53. g6 a2 54. g7 a1=Q 55. g8=Q+ Kb2 56. Qg7+ Kb1 57. Qg1+ Kb2 58. Qxa1+ Kxa1 1/2-1/2

[Event "*** Titled Tuesday Blitz"]
[Site "Chess.com"]
[Date "2020.05.12"]
[Round "10"]
[White "csati17"]
[Black "LazovT"]
[Result "1-0"]
[WhiteElo "2560"]
[BlackElo "2672"]
[TimeControl "180+1"]
[EndTime "11:54:26 PDT"]
[Termination "csati17 won on time"]

1. c4 e6 2. Nf3 f5 3. g3 Nf6 4.
Bg2 Be7 5. O-O O-O 6. Nc3 d6 7. d3 e5 8. e4 Qe8 9. exf5 Bxf5 10. Nh4 Bc8 11. d4 Nc6 12. dxe5 Nxe5 13. Re1 Bg4 14.
Qc2 Kh8 15. Bg5 Qh5 16. f4 Rae8 17. fxe5 Qxg5 18. exf6 Bxf6 19. Kh1 Qh5 20. Rxe8 Rxe8 21. Nd5 Bxh4 22. gxh4 Qxh4 23. Rf1 c6 24. Nc7 Re1 25.
Qe4 Rxf1+ 26. Bxf1 g6 27. Qd4+ Kg8 28. Qf4 Qe1 29.
Ne8 Bh3 30. Nf6+ Kg7 31. Ne8+ Kg8 32. Nf6+ Kg7 33. Nh5+ Kg8 34. Ng3 Bxf1 35. Qxf1 Qe5 36. Qf2 a5 37. Kg2 a4 38. b3 a3 39. Qe2 Qb2 40.
Kf3 Qf6+ 41. Kg2 Kg7 42. Qd2 h5 43. Ne4 Qb2 44. Kf3 1-0

[Event "*** Titled Tuesday Blitz"]
[Site "Chess.com"]
[Date "2020.05.12"]
[Round "10"]
[White "cukus"]
[Black "EvgenyRomanov"]
[Result "0-1"]
[WhiteElo "2520"]
[BlackElo "2650"]
[TimeControl "180+1"]
[EndTime "11:54:28 PDT"]
[Termination "EvgenyRomanov won by resignation"]

1. e4 e6 2. d4 d5 3. Nc3 Bb4 4. e5 c5 5. a3 Bxc3+ 6. bxc3 Qa5 7. Bd2 Qa4 8. Qg4 Kf8 9. Nf3 Ne7 10. h3 Qxc2 11. dxc5 Nd7 12. Rc1 Qe4+ 13. Be3 Nf5 14. Qxe4 dxe4 15. Ng5 Nxe3 16. fxe3 Nxc5 17. Rd1 Ke7 18.
Rd4 Bd7 19. Nxe4 Nxe4 20. Rxe4 Rac8 21. c4 Rc5 22. Be2 Bc6 23. Rg4 g6 24. Kf2 Rxe5 25.
Bf3 Rc8 26. Rd4 Ra5 27. Rb1 Bxf3 28. Kxf3 b6 29. Rbd1 Rc7 30. R1d3 Rac5 31. g4 Rxc4 32. g5 Rxd4 33. Rxd4 Rc5 34. h4 b5 35. a4 a6 36.
axb5 axb5 37. Rb4 Kd6 38. Ke4 Kc6 39. Kd3 Rc1 40. Rf4 Rc4 41. Rxc4+ bxc4+ 42. Kxc4 Kd6 43. Kd4 e5+ 44. Kd3 Ke6 45. Ke4 f5+ 46. gxf6 Kxf6 47. Kf3 Kf5 48. e4+ Kf6 49. Kf2 h6 50. Kf3 Ke6 51. Kg4 Kd6 52. h5 gxh5+ 53. Kxh5 Kc5 54. Kxh6 Kd4 55. Kg5 Kxe4 0-1

[Event "*** Titled Tuesday Blitz"]
[Site "Chess.com"]
[Date "2020.05.12"]
[Round "10"]
[White "2nd_life"]
[Black "AndrewMaco"]
[Result "1/2-1/2"]
[WhiteElo "2434"]
[BlackElo "2552"]
[TimeControl "180+1"]
[EndTime "11:54:28 PDT"]
[Termination "Game drawn by repetition"]

1. e4 c6 2. d4 d5 3. e5 Bf5 4.
h4 h5 5. Bd3 Bxd3 6. Qxd3 e6 7.
Nf3 Nh6 8. Bxh6 Rxh6 9. Nbd2 c5 10.
dxc5 Qa5 11. c4 dxc4 12. Qxc4 Qxc5 13. Qb3 Nc6 14. O-O O-O-O 15. Rfe1 Be7 16. g3 Rhh8 17. Rac1 Qb6 18. Qxb6 axb6 19. a3 Kb8 20. Ne4 Rd5 21.
Neg5 Rf8 22. Rc2 Bxg5 23. hxg5 g6 24. Kf1 Rfd8 25. b4 Rd3 26. b5 Na7 27. Nh4 Nxb5 28. Rb2 Nc3 29. Rxb6 Rd1 30. Rxd1 Rxd1+ 31. Kg2 Nd5 32.
Rd6 Kc7 33. Nxg6 fxg6 34. Rxe6 Re1 35. f4 Re2+ 36. Kf3 Re3+ 37. Kf2 Rxa3 38. Rxg6 Ne3 39.
Rg7+ Kc6 40. Rh7 Ng4+ 41. Kg2 Kd5 42. g6 Ra6 43. g7 Rg6 44. Kf3 b5 45. e6 Kxe6 46.
Rxh5 Rxg7 47. Rxb5 Nh2+ 48. Kg2 Ng4 49. Kf3 Nh2+ 50.
Kg2 Ng4 51. Kf3 1/2-1/2

[Event "*** Titled Tuesday Blitz"]
[Site "Chess.com"]
[Date "2020.05.12"]
[Round "10"]
[White "chessuriel"]
[Black "Sunnika"]
[Result "1-0"]
[WhiteElo "2159"]
[BlackElo "2269"]
[TimeControl "180+1"]
[EndTime "11:54:30 PDT"]
[Termination "chessuriel won by checkmate"]

1. e4 c5 2. Nf3 Nc6 3. d4 cxd4 4. Nxd4 Nf6 5. Nc3 e5 6. Ndb5 d6 7. Bg5 a6 8. Na3 b5 9. Nd5 Be7 10. Bxf6 Bxf6 11. c4 b4 12. Nc2 a5 13. Qf3 Bg5 14. Rd1 O-O 15. h4 Bh6 16. g4 Bf4 17. g5 Be6 18.
Nxf4 exf4 19. c5 Ne5 20. Qxf4 Bg4 21. Rxd6 Qe7 22. Nd4 Rad8 23. Nb5 Nf3+ 24. Kd1 Ne5+ 25. Kc1 Rxd6 26. cxd6 Qe6 27. Kb1 Rc8 28. Rg1 a4 29. Rg3 b3 30. axb3 axb3 31. Qe3 Bh5 32. Qxb3 Qd7 33.
Rc3 Rb8 34. Rc5 Nc6 35. e5 Nd4 36. Qb4 Qf5+ 37. Ka2 Ra8+ 38. Na3 Ne6 39. Bc4 Bg6 40.
Ra5 Qb1+ 41. Nxb1 Rd8 42. Bxe6 fxe6 43. Qc4 Bf5 44. Nc3 h6 45. Ra7 Rb8 46. Qc7 Rxb2+ 47. Kxb2 hxg5 48. Qxg7# 1-0